Map: Winter's Gate LE

Players

Trust - Winner!

  • Race: Protoss Protoss
  • League: Master
  • Spawn Location: 11:00

Mez

  • Race: Terran Terran
  • League: Master
  • Spawn Location: 5:00

VOD

Have the link to the VOD?

Description

Time

  • Played on: Aug. 28, 2019, 5:33 p.m.
  • Length: 18:48
Show
View Real Time Build Order
Export as new Build Order

Trust Protoss - Winner!

Build Orders: 1 Gate Expand, Archon Immortal, Blink Stalkers 

Get SALT Encoding   

  12  0:00  Probe  
  13  0:13  Probe  
  14  0:17  Pylon  
  14  0:24  Probe  
  15  0:33  Probe  
  15  0:39  Gateway  
  15  0:41  Probe  
  16  0:47  Assimilator  
  17  0:52  Probe  
  18  1:01  Probe  
  19  1:21  Nexus  
  19  1:32  Cybernetics Core  
  19  1:33  Probe  
  20  1:42  Assimilator  
  20  1:45  Probe  
  21  1:51  Pylon  
  21  1:57  Probe  
  21  1:59  Adept  
  22  2:09  Warp Gate  
  22  2:13  Probe  
  25  2:21  Twilight Council  
  25  2:26  Probe  
  25  2:29  Adept  
  28  2:32  Probe  
  29  2:39  Probe  
  29  2:40  Probe  
  30  2:51  Probe  
  30  2:54  Blink  
  30  2:56  Probe  
  32  3:04  Probe  
  35  3:12  Probe  
  35  3:19  Probe  
  37  3:20  Probe  
  37  3:25  Pylon  
  36  3:28  Gateway  
  36  3:29  Gateway  
  36  3:30  Probe  
  36  3:31  Probe  
  38  3:40  Probe  
  38  3:41  Pylon  
  38  3:43  Probe  
  38  3:48  Probe  
  39  4:07  Stalker  
  39  4:09  Assimilator  
  39  4:11  Probe x2  
  39  4:12  Forge, Robotics Facility  
  39  4:13  Assimilator  
  41  4:22  Stalker x2  
  41  4:23  Probe x2  
  47  4:29  Pylon  
  47  4:35  Stalker  
  49  4:44  Nexus  
  49  4:48  Pylon  
  49  4:49  Protoss Ground Armor Level 1  
  49  5:00  Stalker  
  49  5:01  Stalker x2  
  49  5:06  Observer  
  55  5:09  Probe  
  55  5:10  Probe  
  58  5:18  Probe  
  58  5:19  Charge  
  58  5:22  Probe  
  58  5:25  Sentry  
  58  5:26  Probe, Zealot x2  
  66  5:34  Probe  
  66  5:36  Probe  
  66  5:39  Immortal  
  71  5:46  Probe  
  71  5:49  Templar Archives, Probe  
  73  5:50  Gateway  
  73  5:58  Probe x2  
  73  6:00  Probe  
  73  6:02  Zealot x3  
  82  6:10  Probe  
  83  6:20  Immortal  
  83  6:22  Gateway  
  83  6:23  Gateway  
  83  6:25  Gateway  
  83  6:26  Pylon  
  83  6:27  Probe x2  
  83  6:32  Probe  
  90  6:39  Probe  
  91  6:55  Zealot x4  
  91  6:56  Probe  
  91  6:58  Psionic Storm  
  100  7:01  Probe  
  100  7:04  Protoss Ground Armor Level 2, Assimilator  
  100  7:07  Pylon  
  101  7:08  Assimilator  
  101  7:18  Pylon  
  101  7:25  Immortal  
  101  7:26  High Templar  
  101  7:27  High Templar  
  109  7:32  Pylon  
  109  7:36  Probe  
  110  7:42  Zealot x3  
  116  7:45  Pylon  
  116  7:47  Pylon  
  116  7:49  Pylon  
  116  7:55  High Templar x2  
  116  7:57  Probe x2  
  116  7:58  Immortal, Probe  
  123  8:01  Pylon  
  123  8:09  Probe  
  128  8:14  High Templar x2  
  128  8:15  Zealot x3  
  138  8:25  Gateway x2  
  138  8:27  Gateway  
  126  8:44  Zealot x4  
  126  8:45  Zealot  
  124  9:04  Immortal  
  124  9:08  High Templar x3  
  124  9:09  Zealot x2, High Templar  
  136  9:12  Archon  
  136  9:16  Probe  
  141  9:24  Pylon  
  141  9:25  Pylon  
  141  9:27  Pylon  
  141  9:28  Pylon, Nexus  
  141  9:29  Pylon  
  141  9:33  Protoss Ground Armor Level 3  
  141  9:39  Pylon  
  141  9:43  Probe  
  141  9:45  Immortal  
  146  9:46  High Templar x2  
  146  9:47  Zealot x4  
  146  9:52  Archon  
  157  9:54  Zealot  
  155  10:05  Archon  
  145  10:20  High Templar x2  
  145  10:21  High Templar x2  
  145  10:22  Zealot x3  
  145  10:23  Observer  
  145  10:26  Gateway  
  145  10:27  Immortal, Gateway  
  145  10:28  Probe x2  
  153  10:29  Gateway  
  153  10:33  Archon  
  149  10:41  Robotics Bay  
  153  10:50  Robotics Facility  
  153  10:53  Probe x2  
  153  10:55  Assimilator  
  153  10:56  Warp Prism  
  154  10:57  Zealot x5, Assimilator  
  154  10:58  Zealot x2  
  166  11:39  Stalker x4  
  165  11:40  Zealot  
  165  11:41  Zealot x2  
  165  11:44  Colossus  
  152  11:56  Archon x2  
  152  11:58  Colossus  
  142  12:25  High Templar x3  
  142  12:26  Zealot x4  
  142  12:27  Colossus  
  142  12:28  Archon  
  120  12:42  Colossus  
  118  12:44  Extended Thermal Lance  
  118  12:49  Zealot x2  
  118  12:50  Zealot x2  
  126  12:55  Zealot x4  
  134  13:02  Probe  
  141  13:06  Stalker x2  
  141  13:08  Zealot  
  146  13:15  Probe  
  146  13:17  Stalker x3  
  146  13:18  Zealot, Stalker  
  146  13:19  Zealot x2  
  133  13:28  Zealot  
  123  13:38  Probe x2, Stalker x2  
  123  13:39  Stalker x3  
  130  13:41  Probe  
  130  13:42  Probe  
  130  13:46  Probe x2  
  132  13:49  Probe  
  132  13:50  Probe  
  136  13:56  Zealot x3  
  136  13:57  Zealot x3  
  136  14:02  Zealot x4  
  154  14:03  Stalker x3  
  154  14:08  Probe x4  
  166  14:18  Zealot  
  166  14:19  Zealot x6  
  176  14:24  Stalker  
  176  14:27  Zealot x4  
  176  14:28  Probe  
  176  14:29  Probe x2  
  181  14:48  High Templar x3  
  181  14:49  Zealot x4  
  181  14:51  Zealot  
  195  14:54  Protoss Ground Weapons Level 1  
  195  15:12  Immortal  
  195  15:17  Zealot x2  
  195  15:18  Zealot  
  187  15:23  Zealot x4  
  187  15:25  Probe  
  192  15:32  Archon  
  192  15:35  High Templar x3  
  190  15:49  Zealot x5  
  172  15:59  High Templar x3  
  178  16:08  High Templar  
  178  16:09  High Templar  
  178  16:10  Zealot x2  
  184  16:17  Archon  
  176  16:25  Zealot  
  166  16:26  Archon x4  
  166  16:27  Zealot x5  
  162  16:37  Zealot x3  
  160  16:49  Zealot, High Templar x4  
  160  16:50  Zealot  
  172  17:04  High Templar x2  
  172  17:05  Zealot x3  
  182  17:13  Stalker x2  
  181  17:32  Archon  
  181  17:37  Nexus  
  181  17:40  Pylon  
  180  18:04  Zealot x6  
  163  18:36  Zealot x2  
  163  18:37  Zealot x5  
Show
View Real Time Build Order
Export as new Build Order

Mez Terran 

Build Orders: Reaper Expand 

Get SALT Encoding   

  12  0:00  SCV  
  13  0:13  SCV  
  14  0:17  Supply Depot  
  14  0:25  SCV  
  15  0:39  SCV  
  15  0:40  Barracks  
  16  0:44  Refinery  
  16  0:51  SCV  
  17  1:03  SCV  
  18  1:15  SCV  
  19  1:28  Orbital Command, Reaper  
  20  1:40  Command Center  
  20  1:48  Bunker  
  20  1:54  SCV  
  21  2:00  Supply Depot  
  21  2:02  Barracks Reactor  
  21  2:04  Marine  
  21  2:08  SCV  
  23  2:22  SCV  
  24  2:23  Barracks Reactor  
  24  2:36  Command Center  
  24  2:44  Factory  
  23  2:46  SCV  
  24  2:54  Orbital Command  
  24  2:58  Refinery  
  24  3:01  SCV  
  24  3:04  Marine x2  
  27  3:14  SCV  
  28  3:21  SCV  
  28  3:22  Marine x2  
  28  3:26  SCV  
  32  3:29  Widow Mine  
  32  3:30  Starport  
  32  3:33  SCV  
  35  3:38  SCV  
  35  3:40  Marine x2  
  38  3:45  SCV  
  39  3:50  Orbital Command, Factory Tech Lab  
  39  4:02  SCV x2  
  37  4:08  Marine  
  37  4:09  Siege Tank, Marine  
  42  4:10  Starport Tech Lab  
  42  4:16  SCV  
  42  4:17  SCV  
  44  4:18  Refinery, SCV  
  45  4:29  Marine x2, SCV x2  
  49  4:36  Supply Depot, SCV  
  50  4:40  Raven  
  50  4:41  SCV  
  54  4:45  SCV  
  54  4:48  SCV  
  55  4:53  SCV  
  55  4:54  Supply Depot x2  
  55  4:57  SCV  
  57  5:00  Barracks  
  57  5:04  Supply Depot, Barracks, SCV  
  56  5:14  Marine x2  
  56  5:17  Factory Reactor  
  56  5:18  SCV x2  
  60  5:24  Refinery  
  60  5:26  Engineering Bay  
  60  5:27  Engineering Bay  
  60  5:32  Starport Reactor  
  60  5:34  SCV x2  
  61  5:38  SCV  
  62  5:46  SCV  
  62  5:47  SCV  
  62  5:48  Stimpack  
  64  5:51  Supply Depot  
  64  5:54  Marine x2  
  64  5:55  Marauder  
  68  5:57  Widow Mine x2  
  68  5:58  SCV x2  
  68  6:03  Orbital Command  
  73  6:07  Combat Shield  
  73  6:08  Barracks  
  73  6:10  Barracks  
  73  6:15  Marauder, Marine x2  
  73  6:16  SCV x2  
  77  6:28  SCV  
  77  6:29  SCV  
  79  6:33  SCV  
  79  6:38  Marine x2  
  79  6:39  Marauder x2  
  86  6:41  SCV x2  
  84  6:53  SCV x2  
  84  6:57  Terran Infantry Armor Level 1, Terran Infantry Weapons Level 1  
  84  7:01  Barracks Tech Lab, Barracks Reactor  
  84  7:03  Medivac x2  
  84  7:04  Widow Mine x2  
  84  7:05  Supply Depot  
  84  7:06  SCV x2  
  84  7:07  SCV  
  94  7:13  Command Center  
  94  7:18  SCV x2  
  94  7:19  SCV  
  94  7:21  Marauder x2  
  101  7:27  Marauder, Marine x2  
  101  7:28  Supply Depot  
  101  7:29  Supply Depot  
  105  7:30  Supply Depot  
  105  7:32  Supply Depot  
  105  7:34  Refinery  
  105  7:35  Medivac x2, Refinery  
  109  7:39  SCV  
  109  7:42  Marauder  
  109  7:47  Concussive Shells  
  109  7:50  Widow Mine x2, Marine x3  
  109  7:51  Marine  
  117  8:01  SCV x3  
  117  8:02  Supply Depot x2  
  120  8:10  Marine  
  120  8:11  Marauder x3, Medivac, Marine x2  
  120  8:12  Medivac  
  135  8:13  Widow Mine x2, SCV x3  
  140  8:24  Marine  
  140  8:25  SCV  
  140  8:26  SCV x2  
  142  8:28  Marine x2  
  142  8:29  Marine  
  142  8:32  Marauder  
  143  8:36  Marauder x2  
  143  8:37  Widow Mine x2  
  143  8:38  SCV x2  
  150  8:42  Marine  
  150  8:43  Medivac x2  
  154  8:57  Marauder, Marine  
  154  8:58  Marauder x2  
  154  8:59  Widow Mine x2  
  161  9:04  Marine x2  
  161  9:05  Ghost Academy  
  158  9:16  Medivac x2  
  162  9:19  Marauder x2  
  162  9:20  Widow Mine x2  
  162  9:21  Starport  
  170  9:24  Supply Depot  
  170  9:26  Supply Depot  
  170  9:28  Refinery  
  170  9:41  Refinery  
  170  9:42  Liberator  
  170  9:43  Ghost  
  170  9:45  Ghost x2  
  172  9:47  Enhanced Shockwaves  
  172  9:52  Barracks  
  176  9:53  Barracks  
  176  9:54  Barracks  
  176  10:09  Marine x2  
  176  10:13  Marauder  
  174  10:14  Marauder  
  166  10:22  Starport Tech Lab  
  166  10:28  Fusion Core  
  166  10:30  Starport  
  166  10:33  Liberator x2  
  166  10:35  Missile Turret  
  164  10:45  Missile Turret  
  164  10:53  SCV x2  
  164  10:54  Planetary Fortress, SCV  
  173  11:13  Ghost  
  173  11:14  Ghost  
  173  11:16  Barracks Tech Lab x3  
  173  11:17  Marine x2  
  173  11:37  Marine x3  
  173  11:38  Ghost x2  
  173  11:39  SCV  
  180  11:40  SCV x3  
  178  11:52  SCV x2  
  170  12:10  Ghost x2  
  170  12:11  Marauder x4, Marine x3  
  180  12:27  Marine  
  180  12:28  Medivac  
  180  12:29  Marine  
  183  12:32  Marauder  
  183  12:33  Marauder x2  
  183  12:35  Marauder, Marine x2  
  183  12:36  SCV x2  
  183  12:37  SCV  
  184  12:38  SCV  
  184  12:39  Marauder  
  187  12:48  SCV  
  188  12:58  Supply Depot, Armory  
  188  13:11  Viking, SCV  
  188  13:15  Viking  
  188  13:17  Marauder  
  188  13:19  Viking  
  190  13:20  Viking  
  184  13:32  Marine x4  
  184  13:33  Marauder  
  141  13:41  Viking  
  141  13:45  Viking  
  140  13:49  Viking x2  
  144  13:56  Command Center  
  144  14:05  Marauder x4, Marine x3  
  144  14:06  Marauder, Marine x2  
  144  14:08  Command Center  
  159  14:10  Command Center  
  159  14:11  Viking  
  159  14:15  Viking  
  161  14:19  Viking x2  
  161  14:23  Marine  
  166  14:40  Marauder x3, Marine x6  
  166  14:41  Viking  
  166  14:45  Viking  
  182  14:49  Viking  
  182  14:52  Marine  
  183  14:57  Marine  
  183  14:58  Ghost x2  
  184  15:11  Marauder x2, Marine x4  
  182  15:19  Marauder, Marine  
  160  15:26  Marine  
  160  15:27  Planetary Fortress, Marauder  
  161  15:28  Marine  
  161  15:29  Marauder, Marine x2  
  161  15:31  Missile Turret  
  161  15:32  Liberator, Ghost, Marauder  
  170  15:37  Terran Infantry Weapons Level 2, Marine  
  170  15:40  Ghost  
  171  15:45  Marauder  
  171  15:46  Marine x3  
  171  15:48  Marauder  
  177  15:51  Marauder  
  176  15:59  Ghost, Marine  
  176  16:00  Marine  
  152  16:26  Marauder x3, Marine x3  
  152  16:32  Liberator x3  
  155  16:33  Marine x4  
  152  16:43  Marine  
  152  16:44  Marine x2  
  152  16:45  Liberator, Refinery  
  152  16:47  Marine x3  
  167  16:54  Refinery  
  167  16:57  Marine  
  167  16:58  Marauder  
  170  17:15  Sensor Tower  
  170  17:26  Marauder, Marine  
  170  17:27  Marauder x4  
  153  17:47  Marine x4  
  153  17:48  Marauder x3  
  160  18:15  Marauder x3, Marine x2  
  160  18:16  Marauder x2, Marine  
  169  18:23  Orbital Command  
Tags
 
Add a new tag
Caveats
  • Supply blocks, unpowered buildings, or Contaminate may cause inaccurate times.
  • Supply counts are checked every 10 seconds.